 Dungeon Crawl Stone Soup version 0.30-a0-253-g6b895097cc (webtiles) character file.

Game seed: 13472548606301421405

46 Ijustatesigmund the Trooper (level 3, 0/24 HPs)
             Began as a Gargoyle Fighter on Oct 13, 2022.
             Slain by a gnoll
             ... wielding a +0 halberd
              (10 damage)
             ... on level 2 of the Dungeon.
             The game lasted 00:01:00 (734 turns).

Ijustatesigmund the Trooper (Gargoyle Fighter)       Turns: 734, Time: 00:01:00

Health: 0/24       AC: 10    Str: 21    XL:     3   Next: 66%
Magic:  3/3        EV:  9    Int:  8    God:
Gold:   30         SH:  4    Dex:  9    Spells: 2/2 levels left

rFire   . . .      SeeInvis .    a - +0 flail
rCold   . . .      Faith    .    c - +0 buckler
rNeg    + . .      Spirit   .    b - +0 scale mail
rPois   ∞          Reflect  .    (no helmet)
rElec   +          Harm     .    (no cloak)
rCorr   .          Rampage  .    (no gloves)
Will    .....                    (no boots)
Stlth   ..........               (no amulet)
HPRegen 0.24/turn                (no ring)
MPRegen 0.08/turn                (no ring)

@: mighty
A: sickness immunity, AC +3, negative energy resistance 1, electricity
resistance, torment resistance 1, petrification resistance, talons 1,
deterioration 1, devolution 1
a: no special abilities


You were on level 2 of the Dungeon.
You visited 1 branch of the dungeon, and saw 2 of its levels.

You collected 30 gold pieces.

Inventory:

Hand Weapons
 a - a +0 flail (weapon)
Armour
 b - a +0 scale mail (worn)
 c - a +0 buckler (worn)
Scrolls
 e - a scroll of vulnerability {unknown}
 f - a scroll of teleportation {unknown}
 g - a scroll of identify {unknown}
 i - 2 scrolls of enchant weapon {unknown}


   Skills:
 + Level 4.2 Fighting
 + Level 3.1 Maces & Flails
 - Level 3.2 Armour
 - Level 3.2 Shields


You had 2 spell levels left.
You didn't know any spells.
Your spell library was empty.

Dungeon Overview and Level Annotations

Branches:
Dungeon (2/15)

Altars:

Shops:
D:1 [


Innate Abilities, Weirdness & Mutations

You are immune to sickness and miasma.
Your stone body is resilient. (AC +3)
You are immune to poison.
You resist negative energy. (rN+)
You are resistant to electric shocks. (rElec)
You are resistant to unholy torment.
You are immune to petrification.
You have sharp toenails.
Your body sometimes deteriorates upon taking damage.
You have hidden genetic defects.


Message History

You kill the gnoll!
You hit the gnoll.
The gnoll is moderately wounded.
You block the gnoll's attack. The gnoll completely misses you.
The gnoll hits you with a +0 whip.
You are too injured to fight recklessly!
You are too injured to fight recklessly!
You are too injured to fight recklessly!
You are too injured to fight recklessly!
You are too injured to fight recklessly!
You are too injured to fight recklessly!
You are too injured to fight recklessly!
You are too injured to fight recklessly!
You are too injured to fight recklessly!
You are too injured to fight recklessly!
You are too injured to fight recklessly!
You are too injured to fight recklessly!
You are too injured to fight recklessly!
You are too injured to fight recklessly!
You are too injured to fight recklessly!
You feel very mighty all of a sudden. The gnoll closely misses you.
You block the gnoll's attack.
It was a potion of mutation.
You feel extremely strange.
Your toenails lengthen and sharpen.
You feel a hidden malignance growing inside you.
The gnoll hits you from afar with a +0 halberd.
The gnoll hits you but does no damage.
You barely miss the gnoll.
The gnoll is moderately wounded.
The gnoll hits you but does no damage. x2
You closely miss the gnoll. You claw the gnoll!
You kill the gnoll!
The gnoll hits you from afar with a +0 halberd.
Your Maces & Flails skill increases to level 3!
The gnoll barely misses you.
You feel a genetic drift.
You feel yourself wasting away.
Items here: )) ††.
You closely miss the gnoll. The gnoll hits you but does no damage.
The gnoll hits you with a +0 halberd!
You die...

........<.......
....[...#########
.......##.......##
...'####.♣#####♣.#
...'# #.# ..##.#
...#####.#.♣.♣.#.#
....##.).#..>g.'.#
....#..#.#.♣.♣.#g#
....#.##.# ..##@#
.......#.♣ ### ♣.#
...###.##.......##
...# #..########
...# #### ... ###


You could see a gnoll.

Vanquished Creatures
  2 gnolls (D:2)
  2 ball pythons (D:1)
  5 bats (D:1)
  2 endoplasms (D:1)
  A giant cockroach (D:1)
  3 hobgoblins (D:1)
  2 kobolds
  5 goblins (D:1)
  3 rats (D:1)
25 creatures vanquished.

Notes
Turn   | Place    | Note
-------+----------+-------------------------------------------
     0 | D:1      | Ijustatesigmund the Gargoyle Fighter began the quest for
                  | the Orb.
     0 | D:1      | Reached XP level 1. HP: 14/14 MP: 1/1
    53 | D:1      | Reached XP level 2. HP: 19/19 MP: 2/2
   385 | D:1      | Found Vaggeok's Armour Boutique.
   439 | D:1      | Reached XP level 3. HP: 24/24 MP: 3/3
   471 | D:1      | Reached skill level 4 in Fighting
   730 | D:2      | Gained mutation: You have sharp toenails. [potion of
                  | mutation]
   730 | D:2      | Gained mutation: You have hidden genetic defects. [potion
                  | of mutation]
   733 | D:2      | Gained mutation: Your body sometimes deteriorates upon
                  | taking damage. [hidden defects]
   734 | D:2      | Slain by a gnoll

Illustrated notes

Levels and vault maps discovered:
D:1:      dpeg_arrival_arbitrary_c, layout_basic, serial_shops,
          nicolae_shop_hallway_plus
D:2:      layout_basic, grunt_ministairs_11

Skill      XL: |  1  2  3 |
---------------+----------+-----
Fighting       | 4 |  4.2
Maces & Flails | 3 |  3.1
Armour         | |  3.2
Shields        | |  3.2

Action                   || total
-------------------------++-------
Melee: Flail             ||    55
       Kick              ||     1
  Use: Potion            ||     2
Armor: Scale mail        ||    30
Dodge: Dodged            ||    24
Block: Buckler           ||    13

Table legend: (Time is in decaauts)
 A = Elapsed time spent in this place.
 B = Non-inter-level travel time spent in this place.
 C = Inter-level travel time spent in this place.
 D = Time resting spent in this place.
 E = Time spent auto-exploring this place.
 F = Levels seen in this place.
 G = Mean time per level.
                   A        B        C        D        E       F      G
               +--------+--------+--------+--------+--------+-----+--------+
         Total |    750 |    739 |     11 |      0 |    599 |   2 |  375.0 |
       Dungeon |    750 |    739 |     11 |      0 |    599 |   2 |  375.0 |
               +--------+--------+--------+--------+--------+-----+--------+

Top non-repeatable levels by time:
     D:1: 688 daAuts
     D:2: 62 daAuts
